 Dungeon Crawl Stone Soup version 0.32-a0-12-g7fc57aa741 (webtiles) character file.

Game seed: 7818652612727636500

1437 dialectric the Changeling (level 8, 0/75 HPs)
             Began as a Troll Shapeshifter on Jan 14, 2024.
             Was a Priest of Wu Jian.
             Succumbed to a killer bee's poison
             ... on level 6 of the Dungeon.
             The game lasted 00:06:16 (5286 turns).

dialectric the Changeling (Troll Shapeshifter)      Turns: 5286, Time: 00:06:17

Health: 0/75       AC:  4    Str: 24 (25) XL:     8   Next: 45%
Magic:  7/7        EV: 10    Int:  5 (6)  God:    Wu Jian [***...]
Gold:   383        SH:  0    Dex:  8 (9)  Spells: 7/7 levels left

rFire   . . .        b - +3 quarterstaff (chaos)
rCold   . . .        (shield currently unavailable)
rNeg    . . .        a - +0 animal skin
rPois   .            (helmet currently unavailable)
rElec   .            (cloak currently unavailable)
rCorr   .            (gloves unavailable)
SInv    .            (boots unavailable)
Will    +....        (no amulet)
Stlth   +            v - ring of willpower
HPRegen 1.12/turn    (no ring)
MPRegen 0.10/turn

%: no passive effects
@: lethally poisoned (0 -> 0), beast-form, hasted, very quick
A: beast (slay +3), large, unfitting armour, claws 3, regeneration 1, shaggy fur
1, tough skin 1
a: Begin Untransformation, Renounce Religion, Wall Jump, Serpent's Lash


You were on level 6 of the Dungeon.
You worshipped Wu Jian.
Wu Jian was most pleased with you.
You were a hulking beast.
You visited 1 branch of the dungeon, and saw 7 of its levels.

You collected 383 gold pieces.

Inventory:

Hand Weapons
 b - a +3 quarterstaff of chaos (weapon)
 k - a +0 quarterstaff
Missiles
 f - 11 poisoned darts (quivered)
Armour
 a - a +0 animal skin (worn)
 o - a +0 cloak
 y - an orb of wrath
 B - a +0 tower shield
Jewellery
 v - a ring of willpower (left claw)
Talismans
 c - a beast talisman
 d - a flux talisman
Wands
 m - a wand of roots (10)
 q - a wand of digging (3)
 t - a wand of mindburst (17)
 x - a wand of flame (48)
Scrolls
 e - a scroll of noise {unknown}
 g - a scroll of amnesia {unknown}
 i - 2 scrolls of immolation {unknown}
 j - a scroll of brand weapon {unknown}
 n - 5 scrolls of fear
 p - a scroll of vulnerability {unknown}
 s - 4 scrolls of teleportation {unknown}
 u - a scroll of acquirement {unknown}
 w - 3 scrolls of identify
Potions
 h - 2 potions of haste
 l - 2 potions of attraction
 z - a potion of cancellation


   Skills:
 + Level 3.2 Fighting
 * Level 4.5 Staves
 * Level 4.0 Dodging
 - Level 4.0 Unarmed Combat
 * Level 6.1 Shapeshifting


You had 7 spell levels left.
You didn't know any spells.
Your spell library contained the following spells:

 Spells                   Type           Power      Damage    Failure   Level
 Freeze                   Ice            0%         1d3       47%         1
 Kiss of Death            Conj/Necr      0%         2d5       47%         1
 Slow                     Hex            0%         N/A       47%         1
 Confusing Touch          Hex            0%         N/A       85%         3
 Frozen Ramparts          Ice            0%         1d1       85%         3
 Gell's Gravitas          Tloc           0%         N/A       85%         3
 Hailstorm                Conj/Ice       0%         3d5       85%         3
 Sigil of Binding         Hex            0%         N/A       85%         3
 Teleport Other           Tloc           0%         N/A       85%         3
 Vampiric Draining        Necr           0%         2d6       85%         3
 Summon Blazeheart Golem  Fire/Summ      0%         N/A       99%         4
 Dispersal                Tloc           0%         N/A       100%        6
 Orb of Destruction       Conj           0%         9d5       100%        7
 Spellforged Servitor     Conj/Summ      0%         N/A       100%        7


Dungeon Overview and Level Annotations

Branches:
Dungeon (7/15)             Temple (0/1) D:5

Altars:
Elyvilon
Gozag
Hepliaklqana
Ru
Trog
Wu Jian

Shops:
D:1 [   D:4 =((*

Annotations:
D:7 Duvessa


Innate Abilities, Weirdness & Mutations

You are a hulking beast.
Your limbs bulge with bestial killing power. (Slay +3)
You are too large for most types of armour.
You have claws for hands.
Your natural rate of healing is unusually fast.
You are covered in fur. (AC +1)
You have tough skin. (AC +1)


Message History

The killer bee stings you.
You are more poisoned.
The killer bee poisons you! The killer bee stings you!
You are lethally poisoned!
The killer bee poisons you!
You climb upwards.
* * * LOW HITPOINT WARNING * * *
You feel extremely sick.
There is a stone staircase leading down here.
Unknown command.
As you read the scroll labelled ZUNKEJ VIRCHAKK, it crumbles to dust.
You assume a fearsome visage.
The killer bee looks frightened! x4
It was a scroll of fear.
* * * LOW HITPOINT WARNING * * *
You feel extremely sick.
Unknown command.
You feel yourself speed up.
* * * LOW HITPOINT WARNING * * *
You feel very sick.
* * * LOW HITPOINT WARNING * * *
You feel very sick.
* * * LOW HITPOINT WARNING * * *
You feel sick.
It was a potion of degeneration.
There was something very wrong with that liquid.
You feel weakened.
You feel dopey.
You feel clumsy.
* * * LOW HITPOINT WARNING * * *
You feel sick.
* * * LOW HITPOINT WARNING * * *
You feel sick.
* * * LOW HITPOINT WARNING * * *
You feel sick.
* * * LOW HITPOINT WARNING * * *
You feel sick.
* * * LOW HITPOINT WARNING * * *
You feel sick.
* * * LOW HITPOINT WARNING * * *
You feel sick.
There is a stone staircase leading up here.
You die...

#..........#.#.........#
...........#.#.........#########
.......................+>......#
.......................#.#####.#
.......................#.# #.#
................##'#####.# #.#
...................# ###.# #.#
##...........#########...# #.#
#..y#########..h......### #.#
##....y......#.......### #.#
##...........#......## #.#
##...........#......### #.#
##....................# #.#
##........>...........# #.#
#....................# #.#
#....................########.#
#...........................#.#


There were no monsters in sight!

Vanquished Creatures
  Sigmund (D:6)
  A sky beast (D:6)
  4 black bears
  A phantom (D:6)
  A bullfrog (D:6)
  A scorpion (D:4)
  Dowan (D:7)
  3 hounds
  Crazy Yiuf (D:2)
  3 bombardier beetles
  An orc priest (D:6)
  6 iguanas
  An orc wizard (D:4)
  3 adders
  A white imp (D:5)
  4 ufetubi (D:6)
  A ribbon worm (D:2)
  2 dart slugs (D:2)
  6 orcs
  6 ball pythons
  6 endoplasms
  3 giant cockroaches
  12 goblins
  7 hobgoblins
  4 jackals (D:1)
  4 quokkas
  4 bats
  5 frilled lizards
  2 kobolds
  5 rats
100 creatures vanquished.

Notes
Turn   | Place    | Note
-------+----------+-------------------------------------------
     0 | D:1      | dialectric the Troll Shapeshifter began the quest for the
                  | Orb.
     0 | D:1      | Reached XP level 1. HP: 18/18 MP: 0/0
    64 | D:1      | Found Mysh's Antique Armour Shop.
    66 | D:1      | Found a faded altar of an unknown god.
    73 | D:1      | Got Plato's Spellbook of Despicable Magic
    84 | D:1      | Prayed at the altar of an unknown god.
    84 | D:1      | Became a worshipper of the Wu Jian Council
    84 | D:1      | Reached * piety under Wu Jian
   102 | D:1      | Reached skill level 1 in Fighting
   106 | D:1      | Reached XP level 2. HP: 24/27 MP: 1/1
   587 | D:2      | Reached XP level 3. HP: 29/33 MP: 2/2
   594 | D:2      | Reached ** piety under Wu Jian
  1047 | D:2      | Found a runed translucent door.
  1048 | D:2      | Noticed Crazy Yiuf
  1155 | D:2      | Reached XP level 4. HP: 39/42 MP: 3/3
  1405 | D:2      | Killed Crazy Yiuf
  2427 | D:4      | Reached XP level 5. HP: 46/49 MP: 4/4
  2429 | D:4      | Found a hazy altar of Hepliaklqana.
  2440 | D:4      | Noticed a black bear
  2445 | D:4      | Killed a black bear
  2446 | D:4      | Reached skill level 1 in Staves
  2454 | D:4      | Found Enaodol's Jewellery Shop.
  2523 | D:4      | Found Deoqij's Weapon Boutique.
  2531 | D:4      | Found Rekosug's General Store.
  2748 | D:4      | Found Jirghezas's Weapon Emporium.
  3516 | D:4      | Found a sacrificial altar of Ru.
  3551 | D:4      | Found an opulent altar of Gozag.
  3565 | D:4      | Reached skill level 4 in Shapeshifting
  3565 | D:4      | Reached XP level 6. HP: 40/57 MP: 5/5
  3604 | D:5      | Entered Level 5 of the Dungeon
  3669 | D:6      | Reached *** piety under Wu Jian
  3719 | D:6      | Reached XP level 7. HP: 65/65 MP: 6/6
  3768 | D:6      | Reached skill level 5 in Shapeshifting
  3877 | D:6      | Noticed Sigmund
  3886 | D:6      | Killed Sigmund
  3917 | D:6      | Reached XP level 8. HP: 74/74 MP: 7/7
  4193 | D:5      | Found a bloodstained altar of Trog.
  4260 | D:5      | Reached skill level 6 in Shapeshifting
  4265 | D:5      | Found a white marble altar of Elyvilon.
  4441 | D:5      | Found a staircase to the Ecumenical Temple.
  5143 | D:7      | Noticed Dowan
  5145 | D:7      | Noticed Duvessa
  5159 | D:7      | Killed Dowan
  5281 | D:6      | HP: 3/75 [poisoned by a killer bee]
  5282 | D:6      | HP: 1/75 [poisoned by a killer bee]
  5286 | D:6      | Succumbed to a killer bee's poison

Illustrated notes

Levels and vault maps discovered:
D:1:      lemuel_arrival_rhombus, layout_basic,
          shapermc_ecumenical_altar_rom_forum, serial_shops, shop,
          minmay_misc_feat_tiny
D:2:      layout_basic, uniq_crazy_yiuf_cottage
D:3:      layout_basic, dreamdust_princess_corridor
D:4:      layout_layer_cave, amcnicky_altar_gilded,
          mainiacjoe_overflow_two_lobes, serial_shops, shop, shop_fountains,
          shop, shop
D:5:      layout_rooms, elyvilon_altar_4, mainiacjoe_overflow_alcove_4,
          lemuel_temple_firewalk_b
D:6:      layout_basic, uniq_sigmund
D:7:      layout_gridville, mainiacjoe_overflow_six_doors_small, serial_shops,
          shop, minivault_1, minmay_chambers_of_fives, uniq_duvessa

Skill      XL: |  1  2  3  4  5  6  7  8 |
---------------+-------------------------+-----
Fighting       | 1 2 3 |  3.2
Dodging        | 2 3 4 |  4.0
Staves         | 1 3 4 |  4.5
Unarmed Combat | 4 |  4.0
Shapeshifting  | 4 5 6 |  6.1

Action                     |  1- 3 |  4- 6 |  7- 9 || total
---------------------------+-------+-------+-------++-------
  Melee: Unarmed           |    98 |    97 |     6 ||   201
         Punch             |     1 |     5 |       ||     6
         Quarterstaff      |       |     1 |    82 ||    83
  Throw: Dart              |       |     2 |       ||     2
Ability: Lunge             |     5 |    13 |     8 ||    26
         Whirlwind         |     2 |     5 |     8 ||    15
    Use: Scroll            |       |     3 |     3 ||     6
         Potion            |       |     1 |     5 ||     6
   Stab: Confused          |       |       |     1 ||     1
 Armour: Animal skin       |    40 |    51 |   114 ||   205
         Skin              |       |     2 |       ||     2
  Dodge: Dodged            |    38 |    42 |    71 ||   151

Table legend: (Time is in decaauts)
 A = Elapsed time spent in this place.
 B = Non-inter-level travel time spent in this place.
 C = Inter-level travel time spent in this place.
 D = Time resting spent in this place.
 E = Time spent auto-exploring this place.
 F = Levels seen in this place.
 G = Mean time per level.
                   A        B        C        D        E       F      G
               +--------+--------+--------+--------+--------+-----+--------+
         Total |   5254 |   4998 |    256 |     57 |   4116 |   7 |  750.6 |
       Dungeon |   5254 |   4998 |    256 |     57 |   4116 |   7 |  750.6 |
               +--------+--------+--------+--------+--------+-----+--------+

Top non-repeatable levels by time:
     D:4: 1196 daAuts
     D:3: 932 daAuts
     D:2: 907 daAuts
     D:6: 855 daAuts
     D:5: 735 daAuts
     D:1: 558 daAuts
     D:7: 68 daAuts
